cohdb
Replays
Latest Replays
All Replays
Popular Replays
Top Player Replays
Match Explorer
How It Works
Community
CoH3 Stats
Reddit
Sign in to upload your games and track your stats! →
Sign in with Steam
Match 43124998
Unlisted
Match 43124998
Overview
Messages
Build Orders
End
Engineer Squad
Construct Barracks
Riflemen Squad
Riflemen Squad
M1 Mortar Team
Infantry Support Center
Selects Advanced Infantry Battlegroup
Selects Convert to Ranger Squad
Convert to Ranger Squad
Construct Motor Pool
M1 Anti-tank Gun Team
Selects Frontline Medical Station
Frontline Medical Station
Convert to Ranger Squad
Advanced Logistics
Selects Artillery Observers
Riflemen Squad
Riflemen Squad
Convert to Ranger Squad
Selects M2A1 105mm Howitzer Emplacement
Survival Training
vonMises
Kcodarc
lem22
Zamalek.YT ✪
Nukepapa
Ol'Smokey
skyhawkfranky
Cicero_540
0
0
Comments
sign in to comment!
No comments posted yet!